[Event "Early-Titled-Tuesday-Blitz-March-05-2024"]
[Site "Chess.com"]
[Date "2024.03.05"]
[Round "4"]
[White "Penafiel-Josselyne02"]
[Black "HanSchut"]
[Result "0-1"]
[WhiteElo "2058"]
[BlackElo "2303"]
[TimeControl "180+1"]
[EndTime "8:42:41 PST"]
[Termination "HanSchut won on time"]

1. d4 Nf6 2. c4 g6 3. Nc3 d5 4.
cxd5 Nxd5 5. Bd2 Nb6 6. Bf4 Bg7 7. e3 O-O 8. Nf3 Nc6 9. Be2 Be6 10. O-O a6 11. Rc1 Bc4 12. Bxc4 Nxc4 13. Qe2 b5 14. b3 e5 15. dxe5 N4xe5 16. Rfd1 Qe8 17.
Nd5 Rc8 18. Nd4 Nxd4 19. exd4 c6 20. dxe5 cxd5 21. Rxc8 Qxc8 22. Rxd5 Qf5 23. Bg3 Rc8 24. h3 Bh6 25. Kh2 Rc2 26. Rd8+ Kg7 27. Qe1 Bf4 28.
e6 Bxg3+ 29. fxg3 fxe6 30. Rd7+ Kf6 31. Qe3 Qf2 32. Qf4+ Qxf4 33. gxf4 Rxa2 34. Rxh7 Rb2 35. Ra7 Rxb3 36. Rxa6 b4 37. Rb6 Rb1 38. Kg3 b3 39. Kg4 b2 40. g3 Kf7 41. h4 e5 42. fxe5 Kg7 43. Rb7+ Kf8 44. Kg5 Rg1 45. g4 Rg3 46. h5 Rg1 47. h6 b1=Q 48. Rxb1 Rxb1 49. Kxg6 Kg8 50. g5 Rb7 51. e6 Re7 52. Kf6 Re8 53. g6 Rf8+ 54. Kg5 Re8 55. h7+ Kg7 56. e7 Rxe7 57. h8=Q+ Kxh8 0-1

[Event "Early-Titled-Tuesday-Blitz-March-05-2024"]
[Site "Chess.com"]
[Date "2024.03.05"]
[Round "4"]
[White "Capiberibe"]
[Black "BeautiFullMindChess"]
[Result "0-1"]
[WhiteElo "1991"]
[BlackElo "2295"]
[TimeControl "180+1"]
[EndTime "8:42:41 PST"]
[Termination "BeautiFullMindChess won by resignation"]

1. e4 e6 2. d4 d5 3. Nc3 Nc6 4.
exd5 exd5 5. Nf3 Bb4 6. Bd3 Nge7 7. O-O O-O 8. h3 Bxc3 9. bxc3 Bf5 10. Bf4 Qd7 11.
Ne5 Nxe5 12. Bxe5 f6 13. Bh2 Bxd3 14. Qxd3 c6 15. Rfe1 Nc8 16. c4 Nb6 17. cxd5 cxd5 18. Re2 Rfe8 19. Rae1 Rxe2 20. Rxe2 Re8 21. Bg3 Rxe2 22.
Qxe2 Nc4 23. Qd3 g6 24. Qb3 b6 25. Qb4 Kf7 26. Kh2 h5 27. Qb1 g5 28. c3 Kg7 29. h4 Nd2 30. Qd3 Ne4 31. hxg5 fxg5 32. Be5+ Kg8 33. Qf3 Qf7 34. Qh3 g4 35. Qh4 Qxf2 36.
Qxh5 g3+ 37. Kh3 Kf8 38. Qh8+ Ke7 39. Qg7+ Qf7 40. Qxf7+ Kxf7 41. Bxg3 Nxc3 42. Be5 Nxa2 43. Kg4 Kg6 44. Kf3 Nc3 45. Ke3 Kf5 46. Kd3 Ne4 47. Kc2 a6 48. Kb3 Ke6 49. Kb4 Kd7 50. g4 Ng5 51.
Bf6 Ne6 52. Be5 Ke8 53. Bf6 Kf7 54. Be5 Ke8 55. Bb8 Nxd4 56. Ba7 Nc6+ 0-1

[Event "Early-Titled-Tuesday-Blitz-March-05-2024"]
[Site "Chess.com"]
[Date "2024.03.05"]
[Round "4"]
[White "AlexandraSamaganova"]
[Black "Sofiia_Hryzlova"]
[Result "0-1"]
[WhiteElo "2301"]
[BlackElo "2496"]
[TimeControl "180+1"]
[EndTime "8:42:42 PST"]
[Termination "Sofiia_Hryzlova won on time"]

1. c4 Nf6 2. Nc3 e5 3. Nf3 Nc6 4. a3 a5 5. e3 Be7 6. d4 d6 7. Be2 O-O 8. O-O Bf5 9. d5 Nb8 10. c5 h6 11. cxd6 Bxd6 12. Nh4 Bh7 13. g3 Nbd7 14. f4 exf4 15. exf4 Bc5+ 16. Kh1 Nb6 17. Bf3 Re8 18. Ng2 Qd7 19. g4 Rad8 20. g5 Nfxd5 21. Nxd5 Nxd5 22. gxh6 Qe6 23. Bg4 Qxh6 24. Qf3 Be4 25.
Qg3 Bd6 26. Bd2 Qf6 27. Kg1 Qd4+ 28. Qf2 Qxb2 29. Rae1 b6 30. Bc1 Qc3 31. Bd2 Qxa3 32. Bc1 Qc5 33. Qxc5 Bxc5+ 34. Kh1 Bxg2+ 35. Kxg2 Ne3+ 36. Bxe3 Rxe3 37. Rxe3 Bxe3 38. Bf3 Bxf4 39. Bc6 g5 40.
Kh3 Rd2 41. Kg4 Rxh2 42. Kf5 Rh6 43. Bd5 Kg7 44. Re1 Rf6+ 45. Kg4 a4 46. Be4 a3 47. Bd5 Rd6 0-1

[Event "Early-Titled-Tuesday-Blitz-March-05-2024"]
[Site "Chess.com"]
[Date "2024.03.05"]
[Round "4"]
[White "BogdanDeac"]
[Black "GMSrinath"]
[Result "1-0"]
[WhiteElo "3004"]
[BlackElo "2814"]
[TimeControl "180+1"]
[EndTime "8:42:43 PST"]
[Termination "BogdanDeac won on time"]

1. d4 d5 2. c4 dxc4 3. Nf3 Nf6 4. e3 e6 5. Bxc4 a6 6. O-O c5 7.
Re1 Nc6 8. Nc3 Be7 9. dxc5 Qxd1 10. Rxd1 Bxc5 11. a3 b5 12. Be2 Bb7 13. b4 Be7 14.
Bb2 O-O 15. Rac1 Rac8 16. Nd2 Rfd8 17. Nb3 Rxd1+ 18. Rxd1 Rd8 19. Rxd8+ Nxd8 20. Na5 Ba8 21. Nb1 Kf8 22. Nd2 Bd5 23. f3 Ba8 24. e4 Nc6 25. Ndb3 Nxa5 26. Nxa5 Nd7 27. Kf2 Bd8 28. Ke3 e5 29. a4 bxa4 30. Bxa6 Be7 31. Ba3 Nb6 32.
Kd3 Ke8 33. Bb5+ Kd8 34. Nc4 Nxc4 35. Kxc4 Kc7 36. Bxa4 g6 37. Bb2 f6 38. Be8 Bb7 39.
b5 Bc8 40. Bf7 Bd7 41. Bc1 f5 42. Be3 Kb8 43. b6 fxe4 44. fxe4 Bc6 45. Bd5 1-0

[Event "Early-Titled-Tuesday-Blitz-March-05-2024"]
[Site "Chess.com"]
[Date "2024.03.05"]
[Round "4"]
[White "GMG"]
[Black "Volodar_Murzin"]
[Result "0-1"]
[WhiteElo "2720"]
[BlackElo "2953"]
[TimeControl "180+1"]
[EndTime "8:42:43 PST"]
[Termination "Volodar_Murzin won on time"]

1. Nf3 Nf6 2. g3 g6 3. c4 Bg7 4. d4 O-O 5. Bg2 d6 6. O-O Nbd7 7. Nc3 e5 8. e4 a6 9. Re1 Rb8 10. dxe5 dxe5 11. b4 c6 12. Qb3 Re8 13. h3 Nf8 14. Rd1 Qc7 15. c5 Be6 16. Qc2 Rbd8 17. Bb2 h6 18. a3 g5 19. Rxd8 Rxd8 20. Nd1 Ng6 21. Ne3 a5 22. Nf5 Bxf5 23. exf5 Ne7 24. Bxe5 Qc8 25.
g4 axb4 26. Qb2 bxa3 27. Rxa3 Ned5 28. Ra7 Rd7 29. Nd2 Qf8 30. Bd6 Qe8 31. Qc1 Nf4 32.
Bf1 b5 33. cxb6 Rxd6 34. b7 Rd8 35. Nc4 Nd7 36. Na5 Nb8 37. Ra8 Bd4 38. Nxc6 Nxc6 39. Rxd8 Qxd8 40. Qxc6 Ba7 41. Qc8 Qf8 42. Kh2 Bb8 43. Kg1 Nd5 44. Bc4 Nf6 45. Kg2 Kg7 46. Kf3 Qd6 47. Ke2 Ne4 48. Bd3 Nc5 49. Bc4 Qe5+ 50. Kf1 Qd6 0-1

[Event "Early-Titled-Tuesday-Blitz-March-05-2024"]
[Site "Chess.com"]
[Date "2024.03.05"]
[Round "4"]
[White "Caracal3000"]
[Black "schachlana"]
[Result "0-1"]
[WhiteElo "2478"]
[BlackElo "2402"]
[TimeControl "180+1"]
[EndTime "8:42:43 PST"]
[Termination "schachlana won on time"]

1. e4 c5 2. Nf3 e6 3. d4 cxd4 4.
Nxd4 a6 5. Nc3 Qc7 6. Bd3 g6 7. O-O Bg7 8. Nde2 Ne7 9. Bf4 d6 10. Bxd6 Qd7 11. Bf4 O-O 12. Qd2 Nbc6 13. Bh6 Ne5 14. Bxg7 Kxg7 15. f4 Nc4 16. Qc1 b5 17.
Bxc4 bxc4 18. Qd1 Qc7 19. Qd4+ f6 20. e5 f5 21. Qd6 Qa7+ 22. Kh1 Rb8 23. b3 cxb3 24.
cxb3 Kf7 25. Qd3 Bb7 26. Qh3 Kg7 27. Rad1 Nd5 28. Nd4 Qb6 29. Nxd5 Bxd5 30. Nf3 Rbc8 31. Qh4 Rc7 32. Ng5 h6 33. Nf3 Qe3 34. Rfe1 Qc3 35. Qf2 Rfc8 36. Qd2 Bxf3 37. Qxc3 Bxg2+ 38. Kxg2 Rxc3 39. Rd7+ Kf8 40. Red1 Rc2+ 41. R1d2 g5 42. fxg5 hxg5 43. Kf1 R8c3 44. Ke2 Rxd2+ 45. Kxd2 Rh3 46. a4 Rxh2+ 47.
Kc3 g4 48. Rd6 Kf7 49. Rxa6 g3 50. Ra7+ Kg6 51. Ra8 g2 52. Rg8+ Kf7 53. Rg5 f4 54. Kd3 Rh3+ 55. Ke4 Rg3 0-1

[Event "Early-Titled-Tuesday-Blitz-March-05-2024"]
[Site "Chess.com"]
[Date "2024.03.05"]
[Round "4"]
[White "dealshark"]
[Black "Muracle"]
[Result "0-1"]
[WhiteElo "2321"]
[BlackElo "2509"]
[TimeControl "180+1"]
[EndTime "8:42:45 PST"]
[Termination "Muracle won by checkmate"]

1. Nf3 Nf6 2. c4 c6 3. e3 d5 4. Nc3 g6 5. b3 Bg7 6. Bb2 O-O 7.
g3 a5 8. Bg2 a4 9. Nxa4 dxc4 10. bxc4 Bf5 11. d4 Be6 12. Nd2 Nbd7 13. O-O Qa5 14. Nc3 Nb6 15. Qe2 Qa6 16. c5 Qxe2 17.
Nxe2 Na4 18. Rfb1 Nd7 19. Bc1 Naxc5 20. dxc5 Bxa1 21. Rxa1 Rxa2 22. Rxa2 Bxa2 23. Ne4 f5 24. N4c3 Bc4 25. Bb2 Ra8 26. h4 Bxe2 27. Nxe2 Ra2 28.
Nd4 Rxb2 29. Bf3 Nxc5 30. Kg2 e5 31. Ne2 e4 32. Nd4 exf3+ 33. Kxf3 Ne4 34. Kf4 Rxf2+ 35. Ke5 Nxg3 36. Kf6 Ne4+ 37. Ke7 c5 38. Ne6 c4 39. h5 gxh5 40. Nd4 c3 41. Ne6 b5 42.
Nd4 b4 43. Ke8 Kg7 44. Ne6+ Kg6 45. Nf4+ Rxf4 46. exf4 h4 47. Kf8 Kh5 48. Kg8 Kg4 49. Kg7 h5 50. Kh6 Ng3 51. Kg6 Kxf4 52. Kh6 b3 53. Kg6 b2 54. Kh6 c2 55. Kg6 b1=Q 56. Kh7 c1=Q 57. Kh6 h3 58. Kg6 h2 59. Kg7 h1=Q 60. Kh7 h4 61. Kh6 h3 62. Kg6 h2 63.
Kf6 Ne4+ 64. Ke6 Qf3 65. Kd5 h1=Q 66. Kd4 Qb6+ 67. Kd5 Nf6# 0-1

[Event "Early-Titled-Tuesday-Blitz-March-05-2024"]
[Site "Chess.com"]
[Date "2024.03.05"]
[Round "4"]
[White "C_K_G"]
[Black "mertfelin"]
[Result "0-1"]
[WhiteElo "2163"]
[BlackElo "2342"]
[TimeControl "180+1"]
[EndTime "8:42:45 PST"]
[Termination "mertfelin won on time"]

1. e4 e5 2. Nf3 Nc6 3. Bc4 Bc5 4.
c3 Nf6 5. d4 exd4 6. cxd4 Bb4+ 7.
Nc3 Nxe4 8. O-O Bxc3 9. d5 Bf6 10.
Re1 Ne7 11. Rxe4 d6 12. Bg5 Bxg5 13. Nxg5 h6 14. Qe2 hxg5 15. Re1 Be6 16. dxe6 f6 17.
Re3 Kf8 18. Rh3 Rxh3 19. gxh3 g6 20. Qg4 d5 21. Bd3 Kg7 22. f4 gxf4 23. Qxf4 c5 24. Kh1 d4 25. Rg1 Qd5+ 26. Be4 Qxe6 27. Bxb7 Rd8 28.
Qg3 d3 29. Bf3 d2 30. h4 Rd3 31. Qg2 Qf5 32. Bd1 Rd4 33. h5 g5 34. Qb7 Qd5+ 35. Qxd5 Rxd5 36. Kg2 Nf5 37. Kf3 Kh6 38. Ke4 Re5+ 39.
Kd3 Nd4 40. Kxd2 f5 41. Kd3 f4 42. a3 Re3+ 43. Kc4 f3 44. Kxc5 Ne6+ 45. Kd5 Nf4+ 46. Kd4 f2 47. Rf1 Re1 48. Rxf2 Rxd1+ 49. Kc3 Kxh5 50.
b4 Rd3+ 51. Kb2 Kg6 52. Rc2 Rd6 53. Rc7 a6 0-1

[Event "Early-Titled-Tuesday-Blitz-March-05-2024"]
[Site "Chess.com"]
[Date "2024.03.05"]
[Round "4"]
[White "Fandorine"]
[Black "Incognito_Knight"]
[Result "1-0"]
[WhiteElo "2943"]
[BlackElo "2716"]
[TimeControl "180+1"]
[EndTime "8:42:46 PST"]
[Termination "Fandorine won on time"]

1. d4 d5 2. Nf3 Nf6 3. c4 e6 4. Qc2 a6 5. cxd5 exd5 6. Bg5 c6 7. Nc3 Be6 8. e3 Nbd7 9. Bd3 Bd6 10. O-O Qc7 11. Rab1 Bg4 12. Bxf6 Nxf6 13. Kh1 O-O 14. Bf5 Bxf3 15. gxf3 Bxh2 16. f4 Bxf4 17. exf4 Qxf4 18. Qd3 Rae8 19. Bh3 Re7 20. Rbd1 Rfe8 21. Qg3 Qh6 22. Rg1 g6 23. Qh2 Ne4 24. Nxe4 Rxe4 25. Bg4 Qg7 26. Bf3 Rxd4 27. Rde1 Rxe1 28. Rxe1 Qf6 29. Kg2 Qg5+ 30. Kf1 Kg7 31. Qc7 Rd2 32. Qxb7 Qf6 33. Qb3 Rxb2 34.
Qe3 Rxa2 35. Rc1 Rb2 36. Kg2 Rb4 37. Qc5 Qg5+ 38. Kh2 Qh4+ 39. Kg2 Qg5+ 40. Kf1 Rb5 41. Qd4+ Qf6 42. Qxf6+ Kxf6 43. Rxc6+ Ke5 44. Rxa6 f6 45. Ra7 h5 46. Rg7 Kf4 47. Kg2 g5 48. Bxh5 d4 49. Rd7 Rb4 50. Bg6 Ke5 51. Re7+ Kd6 52.
Re8 Rb3 53. Kf1 1-0

[Event "Early-Titled-Tuesday-Blitz-March-05-2024"]
[Site "Chess.com"]
[Date "2024.03.05"]
[Round "4"]
[White "isaak2009"]
[Black "Msb2"]
[Result "1-0"]
[WhiteElo "2769"]
[BlackElo "3018"]
[TimeControl "180+1"]
[EndTime "8:42:47 PST"]
[Termination "isaak2009 won by checkmate"]

1. d4 d5 2. c4 e6 3. Nc3 Bb4 4.
e3 Nf6 5. a3 Bxc3+ 6. bxc3 c6 7. Bd3 e5 8. cxd5 e4 9. Bc2 cxd5 10. c4 O-O 11. cxd5 Qxd5 12. Ne2 Nc6 13. O-O Bg4 14.
h3 Bh5 15. Qd2 Bxe2 16. Qxe2 Rac8 17. Rb1 a6 18. Bb3 Qf5 19. Bd2 Rfe8 20. Rfc1 Qg6 21. Rc5 h5 22. Rbc1 Rcd8 23. Ba4 Re6 24. Bxc6 bxc6 25.
Rxc6 Nh7 26. Rxe6 fxe6 27. Qxa6 Ng5 28. Rc8 Nf3+ 29. Kh1 Rxc8 30. Qxc8+ Kh7 31. Qc1 Nh4 32. Qf1 Qf5 33. a4 Qf7 34. a5 Nf5 35. Qe2 Kh6 36. a6 Nh4 37. Bb4 Qg6 38. Qf1 Qf7 39. Bc5 Nf5 40.
Qe2 Qe8 41. a7 Nh4 42. Qf1 e5 43. d5 Kh7 44. d6 Nf5 45. d7 Qxd7 46. a8=Q Qf7 47.
Qxe4 g6 48. Qfb1 Nh6 49. Qbb7 Kg7 50. Qxf7+ Nxf7 51. Qd5 Kf6 52. Bd6 Kf5 53. e4+ Kf6 54. Bxe5+ Nxe5 55. Qd6+ Kg5 56. Qxe5+ Kh4 57. Qf4# 1-0

[Event "Early-Titled-Tuesday-Blitz-March-05-2024"]
[Site "Chess.com"]
[Date "2024.03.05"]
[Round "4"]
[White "CarlosjPineror"]
[Black "Manukyan_Artak"]
[Result "1-0"]
[WhiteElo "2718"]
[BlackElo "2528"]
[TimeControl "180+1"]
[EndTime "8:42:47 PST"]
[Termination "CarlosjPineror won by resignation"]

1. e4 c6 2. d3 d5 3. Nd2 Nf6 4. Ngf3 Qc7 5. g3 Bg4 6. Bg2 dxe4 7. dxe4 e5 8. O-O Nbd7 9. h3 Bh5 10. g4 Bg6 11. Nh4 O-O-O 12. Qe2 Nc5 13. c3 Ne6 14. Nc4 b5 15. Ne3 Nf4 16. Qf3 h5 17. Nxg6 fxg6 18.
g5 Nd7 19. Nc2 Nc5 20. Bxf4 exf4 21. Rad1 Be7 22. h4 Kb7 23. e5 Ne6 24. Nd4 Nxd4 25. cxd4 Rhf8 26. Rc1 Rd5 27. Rxc6 Qxc6 28. Qxd5 Qxd5 29.
Bxd5+ Kb8 30. Be4 f3 31. d5 Rf4 32. Bxg6 Rg4+ 33. Kh2 Rxh4+ 34. Kg3 Rg4+ 35. Kxf3 Rxg5 36. d6 Bxd6 37. exd6 Rxg6 38. Rd1 Kc8 39. Ke4 Kd7 40. Rd5 Rh6 41. Rxb5 h4 42. Rg5 h3 43. Rxg7+ Kxd6 44. Rg1 Kc5 45. Rh1 Rb6 46. b3 Ra6 47. Rxh3 Rxa2 48.
f4 Kd6 49. Kf5 a5 50. Rh7 a4 51. bxa4 Rxa4 52. Rb7 Ra1 53. Kf6 Rf1 54. f5 Kc6 55. Re7 Kd6 56. Re6+ Kd7 57. Re2 Kd8 58. Kg6 Rg1+ 59.
Kf7 Rf1 60. f6 Kd7 61. Kg7 Rg1+ 62. Kf7 Rf1 63. Rd2+ Kc6 64. Ke7 Re1+ 65. Kf8 Rf1 66. f7 Kc7 67. Rg2 Kd7 68. Kg8 Ke7 69. Re2+ 1-0

[Event "Early-Titled-Tuesday-Blitz-March-05-2024"]
[Site "Chess.com"]
[Date "2024.03.05"]
[Round "4"]
[White "GreenPeach24"]
[Black "FoxOnTheRun97"]
[Result "0-1"]
[WhiteElo "2466"]
[BlackElo "2639"]
[TimeControl "180+1"]
[EndTime "8:42:47 PST"]
[Termination "FoxOnTheRun97 won by checkmate"]

1. d4 Nf6 2. Nf3 d5 3. Bf4 c5 4. e3 Nc6 5. Nbd2 Qb6 6. dxc5 Qxb2 7. Rb1 Qc3 8. Bb5 g6 9. O-O Bd7 10. Nb3 Bg7 11. Bxc6 Bxc6 12. Be5 Qc4 13. Nfd4 O-O 14. Qd3 Nd7 15. Bxg7 Kxg7 16. Qxc4 dxc4 17. Na5 Nxc5 18. Ndxc6 bxc6 19. Nxc6 e6 20. Rfd1 Rac8 21. Ne5 Rc7 22. f3 Na4 23. Rd4 Nb6 24. e4 Rc5 25. f4 Ra5 26. c3 Rxa2 27. Nxc4 Nxc4 28. Rxc4 Rd8 29. Rd4 Rxd4 30. cxd4 Ra4 31. Kf2 Rxd4 32. Ke3 Ra4 33. e5 Ra3+ 34. Kf2 g5 35. g3 Kg6 36. Rb7 h6 37. Kg2 g4 38. Kf2 Ra2+ 39. Kg1 a5 40.
Ra7 a4 41. Rb7 h5 42. Ra7 Kf5 43. Rxf7+ Ke4 44. Kf1 Rxh2 45. Ra7 Ra2 46. Ke1 Kf3 47. f5 exf5 48. Kd1 Re2 49. Rxa4 Rxe5 50. Ra3+ Re3 51. Ra5 Kxg3 52. Rxf5 h4 53. Kd2 Re8 54. Rf1 h3 55.
Rg1+ Kf3 56. Rf1+ Kg2 57. Rf4 g3 58. Ra4 h2 59. Ra2 h1=Q 60. Kd3+ Kf3 61. Kd4 Qd1+ 62.
Kc5 Rc8+ 63. Kb6 Qb3+ 64. Ka7 Qxa2+ 65. Kb7 Qf7+ 66. Kb6 Qc7+ 67. Kb5 Rb8+ 68. Ka6 Qb6# 0-1

[Event "Early-Titled-Tuesday-Blitz-March-05-2024"]
[Site "Chess.com"]
[Date "2024.03.05"]
[Round "4"]
[White "Chernov_Alexander_A"]
[Black "SergioMoralesG"]
[Result "1-0"]
[WhiteElo "2359"]
[BlackElo "2501"]
[TimeControl "180+1"]
[EndTime "8:42:48 PST"]
[Termination "Chernov_Alexander_A won by checkmate"]

1. d4 d5 2. Nf3 Nf6 3. c4 c6 4. e3 Bf5 5. Qb3 Qc7 6. cxd5 cxd5 7. Nc3 e6 8. Bd2 a6 9. Rc1 Nc6 10. Na4 Bd6 11. Nc5 Bxc5 12. Rxc5 Ne4 13. Rc1 Nxd2 14.
Nxd2 O-O 15. Be2 Qa5 16. a3 Rfc8 17. Qc3 Qxc3 18. Rxc3 Na5 19. Nf3 Rxc3 20. bxc3 Rc8 21. Nh4 Rxc3 22. Nxf5 Rc1+ 23. Bd1 exf5 24. Kd2 Ra1 25.
Re1 Nc4+ 26. Kc3 Rxa3+ 27. Kb4 Kf8 28. Bf3 a5+ 29. Kc5 Ra2 30. Bxd5 Rxf2 31. Kxc4 Ke7 32. Rb1 Kd6 33. Rb6+ Kc7 34. Rxb7+ Kd6 35. Rb6+ Kc7 36. Ra6 Rc2+ 37. Kd3 Rb2 38. Ra7+ Kd6 39. Bf3 a4 40. Rxa4 Rb3+ 41. Kd2 Rb2+ 42. Kc3 Rb1 43. Ra6+ Ke7 44. Ra7+ Kf6 45. Bd5 Re1 46. Kd2 Rh1 47. Rxf7+ Kg6 48.
Rd7 Rxh2 49. Kd3 Kf6 50. Bf3 g5 51. Rd6+ Ke7 52. Ra6 g4 53. Bd5 h5 54. e4 fxe4+ 55.
Kxe4 Rxg2 56. Ke5 Rd2 57. Ra7+ Kf8 58. Be6 Re2+ 59. Kf6 Rf2+ 60. Bf5 g3 61. Ra8# 1-0

[Event "Early-Titled-Tuesday-Blitz-March-05-2024"]
[Site "Chess.com"]
[Date "2024.03.05"]
[Round "4"]
[White "djano"]
[Black "Batica1984"]
[Result "0-1"]
[WhiteElo "2550"]
[BlackElo "2779"]
[TimeControl "180+1"]
[EndTime "8:42:50 PST"]
[Termination "Batica1984 won by checkmate"]

1. e4 c5 2. Nc3 Nc6 3. Bb5 Nd4 4.
Nf3 e6 5. O-O a6 6. Bd3 Nc6 7.
a3 Nf6 8. Re1 d6 9. Bf1 Be7 10.
d4 cxd4 11. Nxd4 Qc7 12. Be3 O-O 13. h3 b5 14. g4 Bb7 15. g5 Nd7 16. f4 Nxd4 17. Bxd4 e5 18. Be3 exf4 19. Bxf4 Ne5 20. Nd5 Bxd5 21. exd5 f6 22. Bg2 Ng6 23. Bg3 fxg5 24.
Qg4 Rad8 25. c3 Bf6 26. Be4 Ne5 27. Qe2 g6 28. Kh2 Nc4 29. a4 Be5 30. axb5 axb5 31. Qg4 Bxg3+ 32. Qxg3 Ne5 33. Re2 h6 34. Rae1 Rf4 35.
Kg2 Rdf8 36. Bc2 Kg7 37. Qe3 g4 38. Ra1 gxh3+ 39. Kg1 R8f7 40. Kh1 Qd7 41. Rg1 g5 42. Qd2 R7f6 43. Qe1 g4 44. Qg3 Qf7 45. Re3 Qh5 46. Kh2 Qg5 47. Kh1 Rf2 48. Bd1 h5 49. c4 Kh6 50. Rxe5 dxe5 51. d6 Rd2 52. c5 Rff2 53. d7 Qf4 54. Qxf4+ exf4 55. Re1 g3 56. d8=Q Rh2+ 57.
Kg1 Rdg2+ 58. Kf1 Rh1# 0-1

[Event "Early-Titled-Tuesday-Blitz-March-05-2024"]
[Site "Chess.com"]
[Date "2024.03.05"]
[Round "4"]
[White "ChessQueen"]
[Black "xakevicius91"]
[Result "0-1"]
[WhiteElo "2765"]
[BlackElo "2571"]
[TimeControl "180+1"]
[EndTime "8:42:53 PST"]
[Termination "xakevicius91 won by checkmate"]

1. Nf3 Nf6 2. g3 b6 3. Bg2 Bb7 4. d3 e6 5. c4 Be7 6. O-O O-O 7. e4 d6 8. Nc3 c5 9. Re1 Nbd7 10. d4 cxd4 11. Nxd4 Qb8 12. b3 a6 13. Bb2 Qc7 14. Rc1 Rac8 15. f4 Rfd8 16. Kh1 h5 17. Qe2 Qb8 18.
f5 e5 19. Nc2 Nc5 20. b4 Ncd7 21. Ne3 Ba8 22. h3 b5 23. cxb5 axb5 24. Ncd5 Bxd5 25.
Nxd5 Nxd5 26. exd5 Nf6 27. Rc6 Qa8 28. Rec1 Rb8 29.
Ba1 Qa3 30. Rc7 Re8 31. Qf3 Qxb4 32. Kh2 Ra8 33. R1c2 Ra3 34. Qf2 Qa4 35. Qe2 h4 36. g4 Qf4+ 37. Kh1 Re3 38. Qf1 Qxf1+ 39. Bxf1 Nxd5 40. Rc8 Rxc8 41. Rxc8+ Kh7 42. Rc1 Nf4 43. Kh2 Bf6 44. Rd1 d5 45. Bb2 d4 46. Bc1 Rf3 47. Bxf4 Rxf4 48. Kg2 b4 49. Bc4 e4 50. Bxf7 Kh6 51.
Rc1 d3 52. Rd1 Kg5 53. Bd5 Bd4 54. Bc6 Rf2+ 55. Kh1 Kf4 56. Bb7 Kg3 57. Rg1+ Kxh3 58. Bxe4 Rh2# 0-1

[Event "Early-Titled-Tuesday-Blitz-March-05-2024"]
[Site "Chess.com"]
[Date "2024.03.05"]
[Round "4"]
[White "GilbertoHernandezAmura"]
[Black "Binary010"]
[Result "0-1"]
[WhiteElo "2432"]
[BlackElo "2816"]
[TimeControl "180+1"]
[EndTime "8:42:53 PST"]
[Termination "Binary010 won by resignation"]

1. d4 a6 2. c4 b5 3. cxb5 axb5 4. e4 Bb7 5. d5 c6 6. Nf3 cxd5 7. exd5 Nf6 8. d6 e6 9. Bxb5 Qb6 10. Nc3 Bxd6 11. Be3 Bc5 12. Bxc5 Qxc5 13. a4 O-O 14. O-O Qb4 15.
Ne5 d6 16. Nd3 Qh4 17. f3 Nc6 18. Nf2 Rfd8 19. Rb1 Nb4 20. Qb3 Nbd5 21. Nfe4 Nxe4 22. Nxe4 Nf4 23. g3 Nh3+ 24. Kg2 Qh6 25. Rbe1 Ng5 26. Nxg5 Qxg5 27. Rc1 h5 28. Rc7 Bd5 29. Qc2 h4 30. b4 e5 31. Re1 Re8 32. Qc1 Qg6 33. Qd2 Be6 34. Bxe8 Rxe8 35. Qxd6 Bh3+ 36. Kxh3 Qxd6 37. Rc2 Qxb4 38. Re4 Qb1 39. Rce2 hxg3 40. hxg3 f6 41. Kg2 Ra8 42. f4 Qa1 43. fxe5 f5 44. Rf4 g6 45. g4 Rxa4 46. Rxa4 Qxa4 47. gxf5 Qg4+ 48. Kf2 Qxf5+ 49.
Ke1 Qe6 50. Kd2 Kg7 51. Kd3 g5 52. Ke4 Kg6 53. Rf2 Qc4+ 54. Ke3 Qd5 55. Rf6+ Kh5 56.
Rf5 Kg4 57. Rf8 Qxe5+ 58. Kf2 Qb2+ 59. Kg1 Qc1+ 60. Rf1 Qc5+ 61. Kg2 Qc2+ 62. Rf2 Qe4+ 63.
Kg1 Kg3 64. Rf3+ Kxf3 0-1

[Event "Early-Titled-Tuesday-Blitz-March-05-2024"]
[Site "Chess.com"]
[Date "2024.03.05"]
[Round "4"]
[White "arnash_bauyrzhan"]
[Black "KetiTsatsalashvili"]
[Result "1/2-1/2"]
[WhiteElo "2325"]
[BlackElo "2488"]
[TimeControl "180+1"]
[EndTime "8:42:53 PST"]
[Termination "Game drawn by repetition"]

1. e4 c5 2. Nf3 d6 3. Bb5+ Nd7 4. d4 cxd4 5. Qxd4 a6 6. Bxd7+ Bxd7 7. O-O h6 8. c4 e5 9. Qd3 Nf6 10. Nc3 Rc8 11. Be3 Qc7 12. Nd2 Be6 13. Nd5 Bxd5 14.
cxd5 Be7 15. Nb3 Qc2 16. Qxc2 Rxc2 17. Rac1 Rxc1 18. Rxc1 Kd7 19. f3 Rc8 20. Kf2 Rxc1 21. Bxc1 Bd8 22. Be3 Ne8 23. Ke2 h5 24. g3 g6 25. Kd3 f5 26. Nd2 Ba5 27. Nc4 Bd8 28. Bb6 Be7 29. Na5 Kc8 30. Nc4 Nf6 31. Ne3 fxe4+ 32.
fxe4 Nd7 33. Nc4 Bf8 34. Be3 b5 35. Nd2 Nf6 36. Nf3 Ng4 37. Bg1 Kd7 38. Ng5 Nf6 39.
Nf3 Bh6 40. Nh4 g5 41. Nf5 Bf8 42. b3 Be7 43. h3 Bd8 44. Bf2 g4 45. hxg4 Nxg4 46.
Bg1 Bg5 47. a4 Bd8 48. axb5 axb5 49. Ba7 Bg5 50. Bg1 Bd8 51. Ba7 Bg5 52. Bg1 Bd8 1/2-1/2

[Event "Early-Titled-Tuesday-Blitz-March-05-2024"]
[Site "Chess.com"]
[Date "2024.03.05"]
[Round "4"]
[White "NikitaShnadrygin"]
[Black "Louis-Paulsen-Fan"]
[Result "1-0"]
[WhiteElo "2616"]
[BlackElo "2227"]
[TimeControl "180+1"]
[EndTime "8:42:54 PST"]
[Termination "NikitaShnadrygin won on time"]

1. e4 Nf6 2. e5 Nd5 3. d4 d6 4. c4 Nb6 5. f4 dxe5 6. fxe5 c5 7. d5 e6 8. Nc3 exd5 9. cxd5 Qh4+ 10.
g3 Qd4 11. Bf4 g5 12. Bxg5 Qxe5+ 13. Qe2 Qxe2+ 14. Bxe2 Bg7 15. O-O-O N8d7 16. Nf3 O-O 17. Nb5 Nf6 18. Nc7 Rb8 19. Nh4 Bd7 20. Rhf1 Ne4 21.
Bf4 Rbc8 22. Bd3 f5 23. g4 c4 24. Bc2 Na4 25. Bxa4 Bxa4 26. Rde1 c3 27. b3 Bd7 28. Nxf5 Bxf5 29. gxf5 Nd2 30. Rg1 Rxf5 31. Ne6 Rf7 32. Be5 Nf3 33. Nxg7 Nxe1 34. Nf5+ Kf8 35. Bd6+ Ke8 36. Rxe1+ Kd7 37. Ne7 Re8 38. Bb4 Rf2 39. d6 Rxa2 40. Bxc3 Rxh2 41. Rf1 Rh3 42. Kb2 Rh2+ 43.
Ka3 Rh3 44. Nd5 Rd3 45. Nf6+ Kd8 46. Nxe8 Kxe8 47. Bb4 b6 48. Re1+ Kd8 49. Re7 a5 50. Be1 Rxd6 51. Rxh7 Rd3 52. Bh4+ Kc8 53. Bf6 Rf3 54.
Rf7 b5 55. Kb2 a4 56. b4 1-0

[Event "Early-Titled-Tuesday-Blitz-March-05-2024"]
[Site "Chess.com"]
[Date "2024.03.05"]
[Round "4"]
[White "tolimachess"]
[Black "Goryachkina"]
[Result "0-1"]
[WhiteElo "2429"]
[BlackElo "2678"]
[TimeControl "180+1"]
[EndTime "8:42:56 PST"]
[Termination "Goryachkina won by resignation"]

1. e4 c5 2. Nf3 e6 3. c4 Nc6 4.
Nc3 Nf6 5. Be2 d6 6. d4 cxd4 7. Nxd4 Be7 8. O-O O-O 9. Be3 Bd7 10. Qd2 Nxd4 11. Bxd4 Bc6 12. f3 b6 13. Rfd1 Rc8 14.
Bf2 Nd7 15. Nb5 Bxb5 16. cxb5 Nf6 17. Rac1 d5 18. exd5 Nxd5 19. Bd3 Rxc1 20. Qxc1 Bf6 21. Be4 Qd6 22. a3 g6 23. b4 Be5 24. g3 Rd8 25. Qc6 Bb2 26. Rd3 Bf6 27. Qxd6 Rxd6 28. Bd4 Kg7 29. a4 Bxd4+ 30. Rxd4 Kf6 31. f4 Ke7 32. Kf2 Nf6 33. Rxd6 Kxd6 34. Bf3 e5 35. Ke3 Nd5+ 36. Ke4 Nc3+ 37. Kd3 Nd5 38. fxe5+ Kxe5 39. Kc4 Ne3+ 40. Kd3 Nf1 41. Be2 Nxh2 42. a5 h5 43. axb6 axb6 44. Ke3 Ng4+ 45. Kd3 Nf6 46. Ke3 Nd5+ 47. Kd3 Nxb4+ 48.
Kc4 Nd5 49. Bf3 Ne7 50. Kd3 Nf5 51. Bd1 Nxg3 52. Ke3 Nf5+ 53. Kf3 Nd4+ 54. Kg3 Nxb5 55. Bb3 Nd6 56. Kh4 Kf4 57. Kh3 b5 58. Kg2 b4 0-1

[Event "Early-Titled-Tuesday-Blitz-March-05-2024"]
[Site "Chess.com"]
[Date "2024.03.05"]
[Round "4"]
[White "Al_Shima"]
[Black "Leo_C"]
[Result "0-1"]
[WhiteElo "2428"]
[BlackElo "2635"]
[TimeControl "180+1"]
[EndTime "8:42:57 PST"]
[Termination "Leo_C won by resignation"]

1. e4 c5 2. Nf3 d6 3. d4 cxd4 4. Nxd4 Nf6 5. Nc3 a6 6. h3 e5 7. Nde2 h5 8. g3 Be7 9. Bg2 O-O 10. Be3 b5 11. Qd2 Bb7 12. O-O Nbd7 13. Rad1 Rc8 14. a3 Nc5 15. f3 Qc7 16. Nc1 Rfd8 17. Bg5 d5 18. Bxf6 dxe4 19. Qf2 Bxf6 20. fxe4 Bg5 21.
Kh2 Qe7 22. h4 Bh6 23. Nb3 Ne6 24. Nd5 Bxd5 25. exd5 Nd4 26. Nxd4 exd4 27. Rxd4 Rd6 28. c3 Qc7 29. Re1 Rf8 30. Rde4 Rd7 31. Re5 g6 32. R5e2 Bg7 33. Rd1 Qd6 34. Red2 Be5 35. Re1 Re7 36. Rde2 Rfe8 37. Re3 Bxg3+ 38. Qxg3 Qxg3+ 39. Rxg3 Rxe1 40. Rd3 R1e3 41. Rd2 Re2 42. Rd4 Rd8 43. d6 Rxb2 44.
d7 Re2 45. Kg3 Kf8 46. Bb7 Re6 47. Be4 Ke7 48. Bd5 Rxd7 49. Bxe6 Rxd4 50. cxd4 Kxe6 51. Kf4 f6 52. Ke4 Kd6 53. d5 Kc5 54. a4 bxa4 55. d6 Kxd6 56. Kd4 Ke6 57. Kc3 Kf5 58. Kb4 Kf4 59.
Kxa4 Kg4 60. Ka5 Kxh4 61. Kxa6 Kg3 62. Kb5 h4 63. Kc4 h3 0-1